 Dungeon Crawl Stone Soup version 0.29-a0-322-g68df515428 (webtiles) character file.

Game seed: 15168775148838702973

34677 snetch the Stickfighter (level 13, -10/178 HPs)
             Began as a Minotaur Berserker on Apr 6, 2022.
             Was a High Priest of Trog.
             Killed from afar by a deep elf zephyrmancer (16 damage)
             ... with a bolt of lightning
             ... on level 10 of the Dungeon.
             The game lasted 00:44:55 (12441 turns).

snetch the Stickfighter (Minotaur Berserker)       Turns: 12441, Time: 00:44:55

Health: -10/178    AC: 22    Str: 25    XL:     13   Next: 43%
Magic:  12/12      EV: 14    Int:  4    God:    Trog [*****.]
Gold:   895        SH:  0    Dex: 12    Spells: 12/12 levels left

rFire   . . .      SeeInvis +   b - +1 battleaxe (flame)
rCold   . . .      Faith    .   (shield currently unavailable)
rNeg    . . .      Spirit   .   S - +4 ring mail "Gilouc" {Stlth+}
rPois   .          Reflect  .   e - +2 hat
rElec   .          Harm     .   J - +2 cloak {Stlth+}
rCorr   .          Rampage  +   (no gloves)
Will    ++...                   m - +0 pair of boots
Stlth   ..........              d - amulet "Mauhu" {Acrobat Rampage Regen+ SInv}
HPRegen 2.19/turn               I - +4 ring of slaying
MPRegen 0.13/turn               D - +4 ring of protection

@: berserking, strong-willed, regenerating, very quick
A: horns 2, retaliatory headbutt
a: Renounce Religion, Berserk, Trog's Hand, Brothers in Arms


You were on level 10 of the Dungeon.
You worshipped Trog.
Trog was extremely pleased with you.
You visited 2 branches of the dungeon, and saw 15 of its levels.

You collected 1065 gold pieces.
You spent 170 gold pieces at shops.

Inventory:

Hand Weapons
 a - a +3 lajatang of flaming
 b - a +1 battleaxe of flaming (weapon)
 c - the +1 trident "Gisohut" {drain, rN+++ Int-3 SInv Stlth-}
   (You bought it in a shop on level 9 of the Dungeon)

   A truly terrible weapon, it drains the life of any living foe it strikes.
   Int:       It affects your intelligence (-3).
   rN:        It renders you almost immune to negative energy.
   SInv:      It lets you see invisible.
   Stlth:     It makes you less stealthy.
 w - a +4 quarterstaff of chaos
 x - a +1 great mace
Missiles
 H - 6 javelins
 O - 19 poisoned darts (quivered)
 X - 4 boomerangs
 Z - 827 stones
Armour
 e - a +2 hat (worn)
 l - a +0 plate armour
 m - a +0 pair of boots (worn)
 J - a +2 cloak of stealth (worn)
 S - the +4 ring mail "Gilouc" (worn) {Stlth+}
   (You found it on level 7 of the Dungeon)

   Stlth:     It makes you more stealthy.
 Y - the +5 ring mail of Mumegyw {rF- Dex+8 Stlth+}
   (You took it off an orc priest on level 9 of the Dungeon)

   Dex:       It affects your dexterity (+8).
   rF:        It makes you vulnerable to fire.
   Stlth:     It makes you more stealthy.
Jewellery
 d - the amulet "Mauhu" (around neck) {Acrobat Rampage Regen+ SInv}
   (You found it on level 11 of the Dungeon)

   [amulet of the acrobat]

   It increases your evasion while moving and waiting.
   SInv:      It lets you see invisible.
   Regen:     It increases your rate of health regeneration.
   Rampage:   It bestows one free step when moving towards enemies.
 D - a +4 ring of protection (right hand)
 I - a +4 ring of slaying (left hand)
 R - a ring of ice
 U - a ring of protection from cold
Wands
 o - a wand of flame (36)
 r - a wand of polymorph (7)
 u - a wand of acid (9)
 C - a wand of mindburst (4)
 T - a wand of iceblast (6)
 W - a wand of paralysis (10)
Scrolls
 f - 7 scrolls of fog {unknown}
 g - 5 scrolls of fear {unknown}
 h - a scroll of vulnerability
 t - 6 scrolls of enchant weapon {unknown}
 y - 4 scrolls of magic mapping {unknown}
 B - 2 scrolls of torment
 F - 11 scrolls of teleportation {unknown}
 G - a scroll of noise
 K - a scroll of blinking
 N - 3 scrolls of immolation
 P - 4 scrolls of brand weapon {unknown}
 V - a scroll of holy word
Potions
 i - 4 potions of lignification {unknown}
 j - 6 potions of mutation {unknown}
 k - 5 potions of curing
 n - 2 potions of cancellation
 p - 8 potions of ambrosia
 s - a potion of flight
 v - 6 potions of haste {unknown}
 z - 4 potions of invisibility
 A - a potion of heal wounds
 E - a potion of might
 M - 2 potions of brilliance {unknown}
Miscellaneous
 q - a phantom mirror
 Q - a phantom mirror


   Skills:
 + Level 12.9 Fighting
 + Level 14.0(14.2) Axes
 + Level 4.3(14.0) Maces & Flails
 + Level 15.6(15.8) Staves
 + Level 3.1 Throwing
 + Level 10.8 Armour
 + Level 8.2 Dodging
 + Level 5.6 Stealth
 - Level 5.3 Shields


You had 12 spell levels left.
You didn't know any spells.
Your spell library contained the following spells:

 Spells                   Type           Power      Damage    Failure   Level
 Freeze                   Ice            0%         1d3       63%         1
 Shock                    Conj/Air       0%         1d3       63%         1
 Slow                     Hex            0%         N/A       63%         1
 Summon Small Mammal      Summ           0%         N/A       63%         1
 Blink                    Tloc           0%         N/A       77%         2
 Corpse Rot               Necr/Air       0%         N/A       77%         2
 Static Discharge         Conj/Air       0%         N/A       77%         2
 Call Canine Familiar     Summ           0%         N/A       94%         3
 Confusing Touch          Hex            0%         N/A       94%         3
 Frozen Ramparts          Ice            0%         1d2       94%         3
 Ozocubu's Armour         Ice            0%         N/A       94%         3
 Summon Guardian Golem    Hex/Summ       0%         N/A       94%         3
 Swiftness                Air            0%         N/A       94%         3
 Vampiric Draining        Necr           0%         2d6       94%         3
 Airstrike                Air            0%         N/A       100%        4
 Dispel Undead            Necr           0%         3d6       100%        4
 Hailstorm                Conj/Ice       0%         3d3       100%        4
 Petrify                  Tmut/Erth      0%         N/A       100%        4
 Sticky Flame             Conj/Fire      0%         2d3       100%        4
 Manifold Assault         Tloc           0%         N/A       100%        5
 Metabolic Englaciation   Hex/Ice        0%         N/A       100%        5
 Death Channel            Necr           0%         N/A       100%        6
 Simulacrum               Ice/Necr       0%         N/A       100%        6
 Statue Form              Tmut/Erth      0%         N/A       100%        6
 Storm Form               Tmut/Air       0%         N/A       100%        7


Dungeon Overview and Level Annotations

Branches:
Dungeon (14/15)            Temple (1/1) D:5            Lair (0/6) D:11
    Orc (0/2) D:10
 Vaults: D:13-14

Altars:
Ashenzari
Cheibriados
Dithmenos
Elyvilon
Fedhas
Gozag
Hepliaklqana
Kikubaaqudgha
Makhleb
Nemelex Xobeh
Okawaru
Qazlal
Ru
Sif Muna
Trog
Uskayaw
Vehumet
Wu Jian
Xom
Yredelemnul
Zin
The Shining One

Shops:
D:9 (

Portals:
Abyss: D:9
Trove: D:10 (give +4 ice dragon scales)

Annotations:
D:9 2 transporters, Patoropollo's ghost, novice MiFi
D:10 Zonian's ghost, journeyman VSIE


Innate Abilities, Weirdness & Mutations

You have a pair of horns on your head.
You reflexively headbutt those who attack you in melee.


Message History

You slice the troll!! You burn the troll!
You kill the troll!
Trog accepts your kill.
You hit Zonian's ghost. You burn Zonian's ghost.
Zonian's ghost shrieks, "You must not succeed where I failed!"
Zonian's ghost freezes you.
You are frozen!!
You miss Zonian's ghost. Your headbutt misses Zonian's ghost.
Zonian's ghost is lightly damaged.
Zonian's ghost hits you but does no damage.
You are electrocuted!
The deep elf zephyrmancer casts a spell.
The deep elf zephyrmancer blinks!
Unknown command.
Your skin crawls.
You feel strong-willed. Zonian's ghost casts a spell at you.
The stone arrow hits you!!
* * * LOW HITPOINT WARNING * * *
A red film seems to cover your vision as you go berserk!
You feel yourself moving faster!
You feel mighty! Zonian's ghost freezes you.
You are frozen!
* * * LOW HITPOINT WARNING * * *
The deep elf zephyrmancer hits you but does no damage.
You writhe in agony.
* * * LOW HITPOINT WARNING * * *
You barely miss Zonian's ghost.
Zonian's ghost is lightly damaged.
You hit the deep elf zephyrmancer. You burn the deep elf zephyrmancer.
You closely miss Zonian's ghost. Your headbutt misses Zonian's ghost.
Zonian's ghost is lightly damaged.
You slash the deep elf zephyrmancer! You burn the deep elf zephyrmancer.
Zonian's ghost hits you.
* * * LOW HITPOINT WARNING * * *
You are electrocuted!
* * * LOW HITPOINT WARNING * * *
The deep elf zephyrmancer points at you and mumbles some strange words.
The bolt of lightning hits you!
You die...

.8...............................
.................................
.8.8..####................####...
......# #................#..####
.#.#### #.#####..###.....#......
...# #.# #....# #.....#......
.### ##)###.#..###.....'...... .#
#.................#...... .#
#......e@.....[...#...... ##
#..###''W###.[....#######
#########..#.......#...[...!!!?..
...#....#..#.......#......#####..
...........#.#...#.#......#...#..
...........#..#.#..#......#...#..
..##...#...#.#...#.#......#...#..
.....8.#...#.......#......'...#..
.......#...#.......#......#...#..


You could see a deep elf zephyrmancer (strong) and Zonian's ghost.

Vanquished Creatures
  Jorgrun (D:13)
  3 hydras
  2 boulder beetles
  2 two-headed ogres
  A catoblepas (D:13)
  2 centaur warriors
  A tengu warrior (D:13)
  4 skeletal warriors
  The ghost of Dvallin the Quickloader, a novice FoHu of Gozag (D:7)
  15 ugly things
  4 manticores
  5 cyclopes
  Maurice (D:13)
  A gargoyle (D:13)
  A cane toad (shapeshifter) (D:13)
  An efreet (D:13)
  2 tengu conjurers (D:11)
  2 kobold demonologists (D:13)
  4 trolls
  3 meliai (D:13)
  A slime creature (D:13)
  A vampire (D:10)
  2 shadows
  4 wraiths
  Sigmund (D:6)
  17 yaks
  A basilisk (shapeshifter) (D:13)
  Eustachio (D:4)
  A basilisk (D:12)
  A human (shapeshifter) (D:13)
  4 vampire mosquitoes
  A warg (D:10)
  A water moccasin (D:6)
  2 acid dragons
  6 orc warriors
  A sky beast (D:6)
  5 ogres
  2 ice beasts
  6 centaurs
  2 kobold brigands
  A scorpion (D:5)
  A necrophage (D:4)
  11 wights
  19 killer bees
  2 electric eels (D:9)
  8 howler monkeys
  A hound (D:5)
  6 orc priests
  Crazy Yiuf (D:2)
  13 orc wizards
  Natasha (thrice) (D:2)
  3 iguanas (D:5)
  7 adders
  A gnoll (D:1)
  2 white imps (D:6)
  2 ufetubi
  2 worms
  The ghost of benadryl the Sneak, a weakling TrDe (D:5)
  3 dart slugs
  31 orcs
  6 endoplasms
  2 giant cockroaches
  9 goblins
  9 hobgoblins
  7 jackals
  23 kobolds
  8 quokkas
  6 ball pythons
  4 bats
  4 frilled lizards
  11 rats
  7 bushes (D:6)
330 creatures vanquished.

Vanquished Creatures (collateral kills)
  A boulder beetle (D:13)
  5 yaks (D:8)
  A bullfrog (D:8)
  An orc priest (D:8)
  An orc (D:8)
9 creatures vanquished.

Vanquished Creatures (others)
  2 wights (D:8)
2 creatures vanquished.

Grand Total: 341 creatures vanquished

Notes
Turn   | Place    | Note
-------+----------+-------------------------------------------
     0 | D:1      | snetch the Minotaur Berserker began the quest for the Orb.
     0 | D:1      | Reached XP level 1. HP: 19/19 MP: 0/0
    40 | D:1      | Reached XP level 2. HP: 16/27 MP: 1/1
   337 | D:1      | Reached XP level 3. HP: 24/34 MP: 2/2
   343 | D:1      | Reached ** piety under Trog
   402 | D:2      | Found a faded altar of an unknown god.
   757 | D:2      | Noticed Natasha
   769 | D:2      | Killed Natasha
   770 | D:2      | Reached skill level 1 in Maces & Flails
   770 | D:2      | Reached XP level 4. HP: 33/41 MP: 3/3
  1016 | D:2      | Noticed Natasha
  1025 | D:2      | Killed Natasha
  1036 | D:2      | Noticed Natasha
  1045 | D:2      | Killed Natasha
  1046 | D:2      | Reached XP level 5. HP: 21/47 MP: 4/4
  1303 | D:2      | Found a runed translucent door.
  1304 | D:2      | Noticed Crazy Yiuf
  1314 | D:2      | Killed Crazy Yiuf
  1629 | D:3      | Reached skill level 5 in Fighting
  1658 | D:3      | Reached *** piety under Trog
  1951 | D:4      | Noticed Eustachio
  2075 | D:4      | Reached skill level 1 in Shields
  2090 | D:4      | Killed Eustachio
  2091 | D:4      | Reached skill level 5 in Axes
  2091 | D:4      | Reached XP level 6. HP: 20/56 MP: 5/5
  3028 | D:5      | Entered Level 5 of the Dungeon
  3229 | D:4      | Reached XP level 7. HP: 55/61 MP: 6/6
  3783 | D:6      | Reached skill level 5 in Armour
  3789 | D:6      | Found a blossoming altar of Fedhas.
  4033 | D:5      | Found a staircase to the Ecumenical Temple.
  4045 | D:6      | Reached XP level 8. HP: 70/70 MP: 7/7
  4160 | D:5      | Reached **** piety under Trog
  4196 | D:5      | Found a runed translucent door.
  4196 | D:5      | Noticed benadryl's ghost (weakling TrDe)
  4205 | D:5      | Killed benadryl's ghost
  4439 | Temple   | Entered the Ecumenical Temple
  5807 | D:6      | Noticed Sigmund
  5813 | D:6      | Killed Sigmund
  5814 | D:6      | Reached XP level 9. HP: 72/78 MP: 8/8
  6121 | D:7      | Reached skill level 1 in Staves
  6175 | D:7      | Noticed a two-headed ogre
  6185 | D:7      | Killed a two-headed ogre
  6186 | D:7      | Reached skill level 3 in Staves
  6186 | D:7      | Reached skill level 1 in Throwing
  6638 | D:7      | Reached skill level 4 in Staves
  6729 | D:7      | Found a transporter.
  6729 | D:7      | Noticed Dvallin's ghost (novice FoHu)
  6731 | D:7      | Found a transporter.
  6976 | D:8      | Reached skill level 5 in Staves
  6985 | D:8      | Reached skill level 6 in Staves
  7024 | D:8      | Reached skill level 1 in Stealth
  7024 | D:8      | Reached skill level 5 in Shields
  7026 | D:8      | Reached skill level 7 in Staves
  7037 | D:8      | Reached skill level 8 in Staves
  7209 | D:8      | Reached XP level 10. HP: 44/86 MP: 9/9
  7710 | D:7      | Reached skill level 9 in Staves
  7720 | D:7      | Killed Dvallin's ghost
  7721 | D:7      | Reached skill level 10 in Staves
  7752 | D:7      | Identified the +4 ring mail "Gilouc" {Stlth+}
  7985 | D:9      | Reached skill level 5 in Dodging
  7999 | D:9      | Reached skill level 10 in Axes
  8060 | D:9      | Found a one-way gate to the infinite horrors of the Abyss.
  8067 | D:9      | Noticed a toenail golem
  8094 | D:9      | Found a transporter.
  8094 | D:9      | Identified the +5 ring mail of Mumegyw {rF- Dex+8 Stlth+}
  8144 | D:9      | Noticed a rakshasa
  8145 | D:9      | Noticed a wizard
  8151 | D:9      | Noticed Patoropollo's ghost (novice MiFi)
  8154 | D:9      | Found a transporter.
  8191 | D:9      | Found Lebiki's Antique Weapon Shop.
  8199 | D:9      | Bought a translucent trident for 170 gold pieces
  8199 | D:9      | Identified the +1 trident "Gisohut" {drain, rN+++ Int-3
                  | SInv Stlth-} (You bought it in a shop on level 9 of the
                  | Dungeon)
  8434 | D:9      | Noticed a cyclops
  8444 | D:9      | Killed a cyclops
  8558 | D:9      | Noticed a manticore
  8564 | D:9      | Killed a manticore
  8565 | D:9      | Reached skill level 11 in Staves
  8680 | D:10     | Entered Level 10 of the Dungeon
  8810 | D:10     | Reached XP level 11. HP: 97/97 MP: 10/10
  8818 | D:10     | Found a portal to a secret trove of treasure.
  8878 | D:10     | Found a runed translucent gate.
  8936 | D:10     | Noticed a deep elf zephyrmancer
  8942 | D:10     | Noticed Zonian's ghost (journeyman VSIE)
  9047 | D:10     | Found a runed translucent gate.
  9048 | D:10     | Found a runed translucent gate.
  9202 | D:10     | Reached ***** piety under Trog
  9205 | D:10     | Found a staircase to the Orcish Mines.
  9233 | D:10     | Reached skill level 12 in Staves
  9360 | D:10     | Received a gift from Trog
  9622 | D:11     | Noticed a six-headed hydra
  9631 | D:11     | Killed a two-headed hydra
  9637 | D:11     | Identified the amulet "Mauhu" {Acrobat Rampage Regen+ SInv}
  9713 | D:11     | Reached skill level 13 in Staves
  9829 | D:11     | Noticed a red ugly thing
  9835 | D:11     | Killed a red ugly thing
  9836 | D:11     | Reached skill level 10 in Fighting
  9930 | D:11     | Noticed a boulder beetle
  9939 | D:11     | Killed a boulder beetle
 10134 | D:11     | Found a staircase to the Lair.
 10243 | D:12     | Noticed a skeletal warrior
 10243 | D:12     | Noticed a skeletal warrior
 10245 | D:12     | Noticed a skeletal warrior
 10246 | D:12     | Noticed a skeletal warrior
 10255 | D:11     | Killed a skeletal warrior
 10256 | D:11     | Reached skill level 10 in Armour
 10256 | D:11     | Killed a skeletal warrior
 10304 | D:12     | Killed a skeletal warrior
 10307 | D:12     | Killed a skeletal warrior
 10308 | D:12     | Reached XP level 12. HP: 100/108 MP: 11/11
 10803 | D:13     | Noticed a tengu warrior
 10805 | D:13     | Killed a tengu warrior
 10813 | D:13     | Reached skill level 14 in Staves
 10904 | D:13     | Noticed a catoblepas
 10909 | D:13     | Killed a catoblepas
 11001 | D:13     | Reached skill level 15 in Staves
 11081 | D:13     | Noticed a five-headed hydra
 11083 | D:13     | Killed a four-headed hydra
 11345 | D:13     | Noticed Maurice
 11345 | D:13     | Noticed a boulder beetle
 11352 | D:13     | HP: 6/168 [meliai/+0 hand axe (9)]
 11353 | D:13     | HP: 2/169 [Maurice/+0 short sword (6)]
 11354 | D:13     | Reached skill level 5 in Stealth
 11355 | D:13     | Killed Maurice
 11362 | D:13     | Killed a boulder beetle
 11424 | D:13     | Noticed Jorgrun
 11438 | D:13     | Killed Jorgrun
 11439 | D:13     | Reached XP level 13. HP: 27/119 MP: 12/12
 12230 | D:14     | Identified the +2 leather armour of the Crypt {+Inv Regen+
                  | Slay+5 Stlth+}
 12441 | D:10     | HP: 6/178 [Zonian's ghost (13)]
 12441 | D:10     | Killed from afar by a deep elf zephyrmancer

Illustrated notes

Levels and vault maps discovered:
D:1:      minmay_arrival_radiant_lines, layout_rooms
D:2:      layout_rooms, basic_ecumenical_altar, minmay_misc_feat_tower,
          st_stairs_8, chequers_jeans, minmay_fractal_squares_5, uniq_natasha,
          uniq_crazy_yiuf_cottage
D:3:      layout_loops_ring
D:4:      layout_basic, minmay_between, uniq_eustachio
D:5:      layout_cave_pods, minmay_temple_entry_glass,
          ebering_ghost_inner_flame, kennysheep_generic_room_5
D:6:      layout_loops_cross, fedhas_bush_and_centaur_altar, uniq_sigmund
D:7:      layout_basic, gammafunk_ghost_hive, chequers_garden
D:8:      layout_basic
D:9:      layout_basic, serial_shops,
          nicolae_shop_temple_entry_statues_fountains,
          gammafunk_ghost_abyssal_escape, minmay_sticks_and_stones
D:10:     layout_irregular_city, erik_orc_3, serial_column_ruins,
          column_ruins_circle_large, column_ruins_hut,
          column_ruins_columns_corner, column_ruins_columns_straight,
          column_ruins_grid_2, gammafunk_ghost_split,
          nicolae_trove_entry_free_sample, hangedman_decor_growths
D:11:     layout_rooms, lair_entry_dummy
D:12:     layout_cave_pools
D:13:     minmay_imperfect_grid, layout_loops_ring, uniq_maurice, uniq_jorgrun
D:14:     layout_small_grid, david_vaults_4, chequers_serial_rivers_small_a,
          roderic_roman_lattice
Temple:   mainiacjoe_temple_circle_huts

Skill      XL: |  1  2  3  4  5  6  7  8  9 10 11 12 13 |
---------------+----------------------------------------+-----
Axes           | 4 5 7 9 10 12 14 | 14.0
Fighting       | 4 5 6 7 9 10 12 | 12.9
Maces & Flails | 1 4 |  4.3
Dodging        | 3 4 5 6 7 8 |  8.2
Armour         | 3 5 6 8 9 10 | 10.8
Shields        | 1 2 3 4 5 |  5.3
Staves         | 8 11 13 15 | 15.6
Throwing       | 1 2 3 |  3.1
Stealth        | 1 3 5 |  5.6

Action                   |  1- 3 |  4- 6 |  7- 9 | 10-12 | 13-15 || total
-------------------------+-------+-------+-------+-------+-------++-------
Melee: Hand axe          |    17 |    62 |   238 |       |       ||   317
       Headbutt          |     4 |    22 |    86 |    74 |    12 ||   198
       Whip              |    46 |    63 |       |       |       ||   109
       Quarterstaff      |       |       |    55 |   156 |       ||   211
       Battleaxe         |       |       |       |    58 |    54 ||   112
       Lajatang          |       |       |       |   162 |       ||   162
Throw: Dart              |       |       |     5 |    18 |     1 ||    24
Invok: Berserk           |     1 |       |     2 |     4 |     3 ||    10
       Trog's Hand       |       |     1 |     3 |     2 |     1 ||     7
       Brothers in Arms  |       |       |     1 |     1 |       ||     2
  Use: Scroll            |       |       |       |    12 |     2 ||    14
       Potion            |       |       |       |     1 |       ||     1
 Stab: Sleeping          |       |       |       |    11 |     3 ||    14
       Distracted        |       |       |       |     2 |       ||     2
Armor: Animal skin       |     5 |       |       |       |       ||     5
       Chain mail        |     8 |    60 |    71 |    22 |       ||   161
       Ring mail         |       |       |       |   159 |    38 ||   197
Dodge: Dodged            |    52 |    35 |    49 |   228 |    35 ||   399
Block: Buckler           |     5 |    41 |    38 |       |       ||    84
       Reflection        |       |     2 |     5 |       |       ||     7
       Other             |       |       |     6 |       |       ||     6

Table legend: (Time is in decaauts)
 A = Elapsed time spent in this place.
 B = Non-inter-level travel time spent in this place.
 C = Inter-level travel time spent in this place.
 D = Time resting spent in this place.
 E = Time spent auto-exploring this place.
 F = Levels seen in this place.
 G = Mean time per level.
                   A        B        C        D        E       F      G
               +--------+--------+--------+--------+--------+-----+--------+
         Total |  12484 |  11360 |   1124 |    296 |   7403 |  15 |  832.3 |
       Dungeon |  12125 |  11030 |   1095 |    296 |   7096 |  14 |  866.1 |
        Temple |    358 |    329 |     29 |      0 |    307 |   1 |  358.0 |
               +--------+--------+--------+--------+--------+-----+--------+

Top non-repeatable levels by time:
    D:13: 1454 daAuts
     D:7: 1298 daAuts
     D:3: 1120 daAuts
     D:5: 1062 daAuts
     D:6: 973 daAuts
     D:2: 962 daAuts
     D:9: 931 daAuts
     D:4: 930 daAuts
    D:10: 859 daAuts
     D:1: 685 daAuts
    D:11: 641 daAuts
    D:12: 572 daAuts
     D:8: 531 daAuts
  Temple: 358 daAuts
    D:14: 102 daAuts
